 Dungeon Crawl Stone Soup version 0.29.1-15-g9cfb28693d (webtiles) character file.

Game seed: 8211177099895491884

51 javelincjr the Magician (level 4, -8/32 HPs)
             Began as a Djinni Conjurer on Mar 7, 2023.
             Killed by nerve-wracking pain
             ... invoked by an orc priest
              (12 damage)
             ... on level 3 of the Dungeon.
             The game lasted 00:05:02 (2251 turns).

javelincjr the Magician (Djinni Conjurer)           Turns: 2251, Time: 00:05:02

Health: -8/32      AC:  6    Str:  8    XL:     4   Next: 7%
Gold:   91         EV: 12    Int: 19    God:
                   SH:  0    Dex: 12

rFire   + + .      SeeInvis .   c - +0 spear (freeze)
rCold   x . .      Faith    .   (no shield)
rNeg    . . .      Spirit   .   a - +0 robe
rPois   ∞          Reflect  .   (no helmet)
rElec   .          Harm     .   l - +2 cloak
rCorr   .          Rampage  .   d - +0 pair of gloves
Will    .....                   (boots unavailable)
Stlth   ++........              (no amulet)
HPRegen 0.10/turn               (no ring)
MPRegen 0.00/turn               (no ring)

@: flying
A: sickness immunity, fire resistance 2, cold vulnerability 1, float, innate
caster, HP casting, extra vitality 1
a: no special abilities


You were on level 3 of the Dungeon.
You visited 1 branch of the dungeon, and saw 3 of its levels.

You collected 91 gold pieces.

Inventory:

Hand Weapons
 c - a +0 spear of freezing (weapon)
Missiles
 e - 4 silver javelins
Armour
 a - a +0 robe (worn)
 d - a +0 pair of gloves (worn)
 l - a +2 cloak (worn)
 q - a scarf of resistance
Jewellery
 n - a ring of positive energy
Scrolls
 g - 3 scrolls of identify {unknown}
 i - a scroll of teleportation {unknown}
 j - a scroll of fear {unknown}
 k - a scroll of silence {unknown}
 m - 2 scrolls of poison {unknown}
 p - a scroll of vulnerability {unknown}
Potions
 b - a potion of flight {unknown}
 f - a potion of heal wounds {unknown}
 h - a potion of degeneration {unknown}
 o - a potion of haste {unknown}


   Skills:
 * Level 1.5 Fighting
 + Level 0.7 Armour
 + Level 2.6 Dodging
 + Level 2.0 Stealth
 * Level 3.5 Spellcasting


You couldn't memorise any spells.
You knew the following spells:

 Your Spells              Type           Power      Damage    Failure   Level
a - Magic Dart            Conj           68%        1d6       3%          1
b - Searing Ray           Conj           34%        2d5       4%          2
c - Dazzling Flash        Conj/Hex       34%        N/A       10%         3
d - Fulminant Prism       Conj/Hex       8%         3d7       32%         4
e - Iskenderun's Mystic   Conj/Tloc      17%        2d5       32%         4
f - Summon Small Mammal   Summ           68%        N/A       3%          1
Your spell library was empty.

Dungeon Overview and Level Annotations

Branches:
Dungeon (3/15)

Altars:


Innate Abilities, Weirdness & Mutations

You are immune to sickness and miasma.
You are immune to poison.
Your flesh is very heat resistant. (rF++)
You are vulnerable to cold. (rC-)
You float through the air rather than walking.
You learn spells naturally, not from books.
Your magical power is your life essence.
You have superior vitality. (+4 MHP)


Message History

Confirm with . or Enter, or press ? or * to list all spells.
The spell is extremely dangerous to miscast (32% risk of failure)!
Continue anyway?
Okay, then.
Casting: Iskenderun's Mystic Blast (extremely dangerous; 32% risk of failure)
Confirm with . or Enter, or press ? or * to list all spells.
The spell is quite dangerous to miscast (10% risk of failure)!
Continue anyway?
Casting: Dazzling Flash (quite dangerous; 10% risk of failure)
Press: ? - help, Dir - look around, f - activate
Casting: Dazzling Flash (quite dangerous; 10% risk of failure)
Confirm with . or Enter, or press ? or * to list all spells.
Aiming: Searing Ray (safe; 4% risk of failure)
Press: ? - help, Shift-Dir - straight line, f - orc priest
Aim: an orc priest, wielding a +0 flail and wearing a +0 scale mail of willpower (81% to hit)
The searing ray hits the iguana!
The iguana is heavily wounded.
The searing ray hits the orc priest.
The orc priest is lightly wounded. (Press . to maintain the ray.)
The iguana barely misses you.
The searing ray hits the iguana.
The iguana is severely wounded.
The searing ray hits the orc priest.
The orc priest is moderately wounded.
The iguana bites you.
The searing ray hits the iguana.
The iguana is almost dead.
The searing ray hits the orc priest but does no damage.
The orc priest is moderately wounded.
The iguana bites you.
The searing ray hits the orc priest.
The orc priest is severely wounded.
You finish channelling your searing ray.
The orc priest barely misses you. The iguana closely misses you.
The iguana attacks as you move away! The iguana bites you!
* * * LOW HITPOINT WARNING * * *
The orc priest hits you with a +0 flail.
* * * LOW HITPOINT WARNING * * *
The orc priest mumbles some strange prayers to Beogh against you.
Pain shoots through your body!
You die...

##.####.###..#.#.#
........#........#
##.######.#......#
... #.#####..# .##
# #####..#
#......# ##.##.##
#.##.### #.##.@.##
# #.####lo####.###
#.# ##.........
#.# ##.....### #.#
#.###...# #.# #..
... .### . o ..


You could see an iguana and an orc priest.

Vanquished Creatures
  An adder (D:2)
  A worm (D:2)
  A dart slug (D:3)
  5 endoplasms
  A giant cockroach (D:1)
  4 goblins
  4 hobgoblins
  A quokka (D:2)
  4 ball pythons
  2 bats (D:2)
  4 frilled lizards
  5 kobolds
  2 rats (D:1)
35 creatures vanquished.

Vanquished Creatures (others)
  11 plants (D:2)
11 creatures vanquished.

Grand Total: 46 creatures vanquished

Notes
Turn   | Place    | Note
-------+----------+-------------------------------------------
     0 | D:1      | javelincjr the Djinni Conjurer began the quest for the Orb.
     0 | D:1      | javelincjr set off with the following spells memorised:
                  | Magic Dart, Searing Ray, Dazzling Flash, Fulminant Prism,
                  | Iskenderun's Mystic Blast.
     0 | D:1      | Reached XP level 1. HP: 15/15 MP: 0/0
   551 | D:1      | Reached XP level 2. HP: 19/22 MP: 0/0
  1142 | D:2      | Reached skill level 1 in Fighting
  1304 | D:2      | Reached XP level 3. HP: 22/27 MP: 0/0
  1304 | D:2      | Learned a level 1 spell: Summon Small Mammal
  2065 | D:2      | Found a faded altar of an unknown god.
  2136 | D:3      | Reached XP level 4. HP: 28/32 MP: 0/0
  2251 | D:3      | Killed from afar by an orc priest

Illustrated notes

Levels and vault maps discovered:
D:1:      dpeg_arrival_shelter, layout_loops_corners
D:2:      layout_basic, shapermc_ecumenical_altar_mp_urbaneastern,
          kennysheep_generic_room_5
D:3:      layout_basic, kennysheep_small_spiral

Skill      XL: |  1  2  3 |
---------------+----------+-----
Fighting       | 1 |  1.5
Stealth        | 2 |  2.0
Armour         | |  0.7
Dodging        | |  2.6
Spellcasting   | |  3.5

Action                   |  1- 3 |  4- 6 || total
-------------------------+-------+-------++-------
Melee: Spear             |    14 |       ||    14
 Cast: Magic Dart        |    67 |     6 ||    73
       Dazzling Flash    |       |     1 ||     1
       Searing Ray       |       |     1 ||     1
Armor: Robe              |     2 |     1 ||     3
Dodge: Dodged            |     2 |     3 ||     5
